AoeStats
← Kosher Killer

Socotra

506300519Analyzed
2v2 RM · 21d ago on Sep 13, 2026· 58m 50s· 4 players
Game mode
Random Map
Map size
Tiny (2 player)
Population
200
Speed
Normal
Resources
Standard
Victory
Conquest
Starting age
Dark Age
Ending age
Imperial Age
RankedLock teamsTeams togetherTeam positionsShared explorationLock speedFull tech treeHidden civsTurbo modeCheats
Victory
Defeat
🇺🇸 Teutons · United States
1250
+13
🇺🇸 Sicilians · United States
1174
+17
🇪🇸 Goths · Spain
1306
-20
🇵🇹 Inca · Portugal
1073
-32
Kosher Killer
6:25 Loom
9:08 Feudal Age
18:27 Fletching
20:03 Double-Bit Axe
Coastal
6:56 Loom
9:35 Feudal Age
10:25 Double-Bit Axe
16:32 Horse Collar
17:58 Fletching
25:55 Castle Age
24:50 Gold Mining
25:38 Wheelbarrow
25:19 Scale Barding Armor
26:02 Stone Mining
31:49 Bodkin Arrow
34:44 Scale Mail Armor
34:54 Forging
37:31 Squires
38:06 Chain Mail Armor
39:21 Iron Casting
38:43 Arson
DEFENSE
6:00 Loom
52:32 Feudal Age
Primoz Roglic
2:29 Loom
28:31 Feudal Age
28:49 Man-at-Arms
29:15 Horse Collar
29:34 Gold Mining
30:13 Scale Mail Armor
30:23 Forging
37:39 Castle Age
36:32 Double-Bit Axe
37:43 Long Swordsman
38:24 Squires
38:40 Chain Mail Armor
39:17 Iron Casting
42:32 Bow Saw
42:25 Heavy Plow
50:06 Stone Mining
51:48 Fletching
Connection lost

Rejoining the realm…

Still unreachable

The connection could not be restored.

Session expired

The server has moved on; the page needs a fresh start.